 Dungeon Crawl Stone Soup version 0.30-a0-643-g638baaf3f0 (webtiles) character file.

Game seed: 14141460984620517028

1928 Absynth the Magician (level 8, -2/54 HPs)
             Began as a Demonspawn Transmuter on Jan 17, 2023.
             Splashed by a jelly's acid (10 damage)
             ... on level 7 of the Dungeon.
             The game lasted 00:26:49 (5820 turns).

Absynth the Magician (Demonspawn Transmuter)        Turns: 5820, Time: 00:26:49

Health: -2/54      AC:  2    Str: 11    XL:     8   Next: 96%
Magic:  13/17      EV: 22    Int: 17    God:
Gold:   451        SH:  0    Dex: 18    Spells: 14/19 levels left

rFire   . . .      SeeInvis .      - Unarmed
rCold   . . .      Faith    .    (shield currently unavailable)
rNeg    . . .      Spirit   .    (body armour currently unavailable)
rPois   x          Reflect  .    (helmet currently unavailable)
rElec   .          Harm     .    (cloak currently unavailable)
rCorr   .          Rampage  .    (gloves currently unavailable)
Will    .....                    (boots currently unavailable)
Stlth   ++                       (no amulet)
HPRegen 0.29/turn                (no ring)
MPRegen 0.15/turn                (no ring)

@: lethally poisoned (-2 -> -6), spider-form, wereblooded
A: venomous fangs, tiny, (claws 1), repulsion field 2, demonic guardian 1
a: End Transformation


You were on level 7 of the Dungeon.
You were a venomous arachnid creature.
You visited 1 branch of the dungeon, and saw 7 of its levels.

You collected 451 gold pieces.

Inventory:

Hand Weapons
 e - a +7 spear (melded)
 k - a +2 spear of venom
Armour
 d - the +0 robe of the Crypt (melded) {rN+ SInv}
   (You found it on level 7 of the Dungeon)

   rN:        It protects you from negative energy.
   SInv:      It lets you see invisible.
 m - a +1 cloak (melded)
 w - a +2 pair of boots (melded)
 F - a +1 helmet (melded)
Jewellery
 g - a +4 ring of protection
Wands
 b - a wand of paralysis (3)
 p - a wand of flame (11)
 y - a wand of polymorph (8)
 E - a wand of quicksilver (22)
Scrolls
 h - a scroll of enchant weapon
 n - 5 scrolls of fear
 o - a scroll of enchant armour
 u - a scroll of amnesia
 A - 2 scrolls of identify {unknown}
Potions
 c - 2 potions of resistance {unknown}
 f - 2 potions of magic {unknown}
 i - 2 potions of might
 j - 2 potions of brilliance {unknown}
 l - 2 potions of curing
 r - 2 potions of berserk rage {unknown}
 z - a potion of cancellation {unknown}
 B - 3 potions of haste {unknown}
 D - 2 potions of heal wounds {unknown}


   Skills:
 - Level 1.0 Fighting
 + Level 3.8 Polearms
 - Level 1.7 Dodging
 + Level 5.3 Unarmed Combat
 * Level 6.4 Spellcasting
 * Level 6.4 Transmutations


You had 14 spell levels left.
You knew the following spells:

 Your Spells              Type           Power      Damage    Failure   Level
c - Wereblood             Tmut           27%        N/A       6%          2
s - Spider Form           Tmut/Pois      16%        N/A       24%         3

Your spell library contained the following spells:

 Spells                   Type           Power      Damage    Failure   Level
 Beastly Appendage        Tmut           54%        N/A       4%          1
 Sting                    Tmut/Pois      64%        1d6       11%         1
 Poisonous Vapours        Pois/Air       10%        N/A       38%         2
 Ice Form                 Ice/Tmut       16%        N/A       54%         4
 Animate Dead             Necr           5%         N/A       90%         4
 Olgreb's Toxic Radiance  Pois           5%         N/A       90%         4
 Borgnjor's Vile Clutch   Necr/Erth      2%         N/A       99%         5
 Death Channel            Necr           2%         N/A       100%        6


Dungeon Overview and Level Annotations

Branches:
Dungeon (7/15)
 Temple: D:4-7

Altars:
Fedhas
Nemelex Xobeh
Trog

Annotations:
D:7 3 runed translucent doors


Innate Abilities, Weirdness & Mutations

You are a venomous arachnid creature.
You have venomous fangs.
You are tiny and dextrous.
Your spellcasting is less reliable in this form.
Your armour is entirely melded.
You are incapable of wielding weapons or throwing items.
((You have sharp fingernails.))
You are surrounded by a moderate repulsion field. (EV +3)
A weak demonic guardian rushes to your aid.


Message History

The killer bee barely misses you.
The killer bee attacks as you move away!
The killer bee stings you!
You feel very sick.
You feel a bit more experienced. The killer bee misses your white imp.
Your white imp misses the killer bee.
You miss the killer bee.
You feel very sick.
The killer bee barely misses your white imp.
The killer bee closely misses you.
You bite the killer bee!
The killer bee is poisoned.
The killer bee is heavily wounded.
You feel very sick. The killer bee stings you.
* * * LOW HITPOINT WARNING * * *
Your white imp barely misses the killer bee.
The killer bee stings your white imp.
You closely miss the killer bee.
The killer bee is heavily wounded.
You feel sick. The killer bee closely misses you.
The killer bee stings your white imp.
Your white imp gestures at the killer bee.
The puff of frost hits the killer bee.
The killer bee closely misses you.
The killer bee closely misses your white imp.
You bite the killer bee!
You feel a bit better.
You kill the killer bee!
You hiss as the wereblood boils in your veins!
You feel sick. The killer bee stings your white imp!
Your white imp dies!
Your white imp disappears in a puff of smoke!
You barely miss the orc.
You feel sick. The killer bee completely misses you.
The orc closely misses you. The jelly misses you.
The killer bee closely misses you.
You hit the orc.
The orc is poisoned.
The orc is moderately wounded.
You feel sick. The killer bee barely misses you. The orc misses you.
The jelly hits you.
* * * LOW HITPOINT WARNING * * *
A demonic guardian appears!
You are splashed with acid!
You die...

#..........).##
###
#.....[......#
##..........##
#...........#
#...........# #
##..........#
..###.........##
#....#.5y......#
##.....ys.....#
#.....yo#J..###
........y.####
......###.J##
...... ##oy#
...... #..y.....
....! #...y....
..... .........
.... .o.......


You could see a jelly, 4 killer bees, an orc (very poisoned) and a friendly iron
imp (summoned).

Vanquished Creatures
  2 water moccasins
  An ice beast (D:7)
  A black bear (D:6)
  3 centaurs
  An ogre (D:5)
  A phantom (D:5)
  A bullfrog (D:6)
  A necrophage (D:7)
  A kobold brigand (D:6)
  3 scorpions
  2 killer bees (D:7)
  A jelly (D:6)
  A hound (D:5)
  2 orc priests
  Ijyb (D:4)
  Jessica (D:3)
  3 iguanas (D:5)
  5 orc wizards
  15 adders
  An ufetubus (D:5)
  3 worms
  2 dart slugs
  14 orcs
  11 bats
  6 endoplasms
  10 giant cockroaches
  12 goblins
  6 hobgoblins
  3 jackals (D:4)
  8 quokkas
  14 ball pythons
  6 frilled lizards
  30 kobolds
  8 rats
180 creatures vanquished.

Vanquished Creatures (others)
  5 plants (D:6)
5 creatures vanquished.

Grand Total: 185 creatures vanquished

Notes
Turn   | Place    | Note
-------+----------+-------------------------------------------
     0 | D:1      | Absynth the Demonspawn Transmuter began the quest for the
                  | Orb.
     0 | D:1      | Reached XP level 1. HP: 15/15 MP: 3/3
    95 | D:1      | Gained mutation: You are surrounded by a mild repulsion
                  | field. (EV +2) [demonic ancestry]
    95 | D:1      | Reached XP level 2. HP: 20/21 MP: 3/5
   369 | D:1      | Gained mutation: You have sharp fingernails. [demonic
                  | ancestry]
   369 | D:1      | Reached XP level 3. HP: 22/26 MP: 4/6
   505 | D:1      | Found a faded altar of an unknown god.
   887 | D:2      | You fall into a shaft and drop 2 floors!
  1048 | D:3      | Noticed Jessica
  1113 | D:2      | Reached XP level 4. HP: 32/32 MP: 8/8
  1605 | D:2      | Reached skill level 1 in Polearms
  1622 | D:2      | Reached XP level 5. HP: 37/37 MP: 9/9
  2119 | D:3      | Learned a level 2 spell: Wereblood
  2146 | D:3      | Killed Jessica
  2538 | D:4      | Found a sparkling altar of Nemelex Xobeh.
  2796 | D:4      | Reached XP level 6. HP: 38/43 MP: 9/11
  3125 | D:4      | Noticed Ijyb
  3133 | D:4      | Killed Ijyb
  3420 | D:5      | Entered Level 5 of the Dungeon
  3426 | D:5      | Gained mutation: A weak demonic guardian rushes to your
                  | aid. [demonic ancestry]
  3426 | D:5      | Reached XP level 7. HP: 46/48 MP: 11/13
  3442 | D:5      | Found a blossoming altar of Fedhas.
  3891 | D:5      | Found a bloodstained altar of Trog.
  3902 | D:5      | Reached skill level 5 in Spellcasting
  3902 | D:5      | Reached skill level 5 in Transmutations
  4079 | D:5      | Gained mutation: You are surrounded by a moderate repulsion
                  | field. (EV +3) [demonic ancestry]
  4079 | D:5      | Reached XP level 8. HP: 30/54 MP: 13/15
  4376 | D:6      | Learned a level 3 spell: Spider Form
  4650 | D:6      | Reached skill level 5 in Unarmed Combat
  5660 | D:7      | Found a runed translucent gate.
  5660 | D:7      | Found a runed translucent gate.
  5661 | D:7      | Found a runed translucent gate.
  5765 | D:7      | Identified the +0 robe of the Crypt {rN+ SInv}
  5820 | D:7      | Splashed by a jelly's acid

Illustrated notes

Levels and vault maps discovered:
D:1:      tarquinn_simple_flora_water_a, layout_basic,
          dilly_ecumenical_altar_fadedgnrine, minmay_pentomino_p4
D:2:      minmay_roachtagon, layout_basic, roderic_nine_men_s_morris,
          st_stairs_2, minmay_snake_closets
D:3:      layout_rooms, uniq_jessica
D:4:      layout_gridville, lemuel_crystal_altar, minmay_misc_feat_x,
          minmay_vboxes, uniq_ijyb
D:5:      layout_rooms, fedhas_altar_1, mainiacjoe_overflow_surrounded_room
D:6:      kennysheep_kobold_camp, layout_cave_pools
D:7:      layout_cave_pods, temple_doors_e, biasface_ghost_orc_armoury,
          uniq_crazy_yiuf_cottage

Skill      XL: |  1  2  3  4  5  6  7  8 |
---------------+-------------------------+-----
Transmutations | 2 3 4 5 6 |  6.4
Unarmed Combat | 3 4 5 |  5.3
Spellcasting   | 3 4 5 6 |  6.4
Polearms       | 1 2 3 |  3.8
Fighting       | |  1.0
Dodging        | |  1.7

Action                   |  1- 3 |  4- 6 |  7- 9 || total
-------------------------+-------+-------+-------++-------
Melee: Unarmed           |    70 |       |    21 ||    91
       Kick              |    10 |    19 |    36 ||    65
       Headbutt          |     9 |     9 |    18 ||    36
       Punch             |     2 |     6 |     5 ||    13
       Spear             |    52 |   190 |   188 ||   430
 Cast: Beastly Appendage |    13 |    15 |    13 ||    41
       Wereblood         |       |     3 |     4 ||     7
       Spider Form       |       |       |     3 ||     3
  Use: Scroll            |       |       |    11 ||    11
       Potion            |       |       |     4 ||     4
 Stab: Sleeping          |     3 |     6 |     1 ||    10
Armor: Robe              |    16 |    39 |    42 ||    97
       Skin              |       |       |     3 ||     3
Dodge: Dodged            |    85 |   114 |   168 ||   367

Table legend: (Time is in decaauts)
 A = Elapsed time spent in this place.
 B = Non-inter-level travel time spent in this place.
 C = Inter-level travel time spent in this place.
 D = Time resting spent in this place.
 E = Time spent auto-exploring this place.
 F = Levels seen in this place.
 G = Mean time per level.
                   A        B        C        D        E       F      G
               +--------+--------+--------+--------+--------+-----+--------+
         Total |   5823 |   5681 |    142 |   1241 |   2835 |   7 |  831.9 |
       Dungeon |   5823 |   5681 |    142 |   1241 |   2835 |   7 |  831.9 |
               +--------+--------+--------+--------+--------+-----+--------+

Top non-repeatable levels by time:
     D:6: 1322 daAuts
     D:2: 1321 daAuts
     D:4: 1000 daAuts
     D:5: 867 daAuts
     D:1: 590 daAuts
     D:3: 515 daAuts
     D:7: 205 daAuts
